 Dungeon Crawl Stone Soup version 0.27.1-34-g3ba077fa99 (webtiles) character file.

Game seed: 6495056607328692411

443 Sharkman1231 the Distorting Demonspawn (level 6, -10/49 HPs)
             Began as a Demonspawn Abyssal Knight on Jan 30, 2022.
             Was a Believer of Lugonu.
             Mangled by an ogre (26 damage)
             ... on level 4 of the Dungeon.
             The game lasted 00:04:02 (5345 turns).

Sharkman1231 the Distorting Demonspawn (DsAK)       Turns: 5345, Time: 00:04:03

Health: -10/49     AC:  9    Str: 12    XL:     6   Next: 71%
Magic:  9/9        EV: 13    Int: 15    God:    Lugonu [**....]
Gold:   34         SH:  4    Dex: 15    Spells: 5/5 levels left

rFire    . . .     SeeInvis +   a - +1 falchion
rCold    . . .     Faith    +   e - +0 buckler
rNeg     . . .     Spirit   .   d - +0 scale mail
rPois    .         Reflect  .   f - +0 helmet
rElec    .         Harm     .   t - +0 cloak
rCorr    .         Rampage  .   o - +0 pair of gloves
Will     .....                  (no boots)
Stlth    ..........             l - amulet of faith
HPRegen  0.16/turn              b - +4 ring of evasion
MPRegen  0.11/turn              r - ring of see invisible

@: no status effects
A: demonic guardian 1, big brain 1
a: Renounce Religion, Depart the Abyss, Bend Space


You were on level 4 of the Dungeon.
You worshipped Lugonu.
Lugonu was pleased with you.
You visited 1 branch of the dungeon, and saw 4 of its levels.
You visited the Abyss 1 time.

You collected 124 gold pieces.
You spent 90 gold pieces at shops.

Inventory:

Hand Weapons
 a - a +1 falchion (weapon)
Armour
 d - a +0 scale mail (worn)
 e - a +0 buckler (worn)
 f - a +0 helmet (worn)
 o - a +0 pair of gloves (worn)
 t - a +0 cloak (worn)
Jewellery
 b - a +4 ring of evasion (left hand)
 h - a ring of magical power
 l - an amulet of faith (around neck)
 r - a ring of see invisible (right hand)
Wands
 u - a wand of flame (25)
Scrolls
 c - 2 scrolls of identify
 g - 2 scrolls of summoning
 i - a scroll of enchant armour
 k - a scroll of noise {unknown}
 m - a scroll of blinking {unknown}
 s - a scroll of magic mapping {unknown}
Potions
 j - a potion of berserk rage
 n - a potion of curing
 p - a potion of heal wounds {unknown}
 q - a potion of resistance {unknown}


   Skills:
 + Level 4.3 Fighting
 + Level 3.4 Long Blades
 - Level 1.7 Armour
 + Level 2.8 Dodging
 + Level 2.2 Shields
 + Level 4.8 Invocations


You had 5 spell levels left.
You didn't know any spells.
Your spell library was empty.

Dungeon Overview and Level Annotations

Branches:
Dungeon (4/15)             Temple (0/1) D:4

Altars:
Ru

Shops:
D:2 (?


Innate Abilities, Weirdness & Mutations

A weak demonic guardian rushes to your aid.
You have an unusually large brain. (Int +2)


Message History

Found a stone staircase leading up.
Found a staircase to the Ecumenical Temple.
Found an escape hatch in the floor.
Found a sharpened silver wand.
Found a scroll of enchant armour.
u - a wand of flame (25)
Found 18 stones.
Found 12 gold pieces.
An ogre comes into view. It is wielding a +0 giant club.
An ogre is nearby!
You hit the ogre but do no damage. You block the ogre's attack.
You hit the ogre.
The ogre is lightly wounded.
The ogre closely misses you.
You hit the ogre.
The ogre is lightly wounded.
You block the ogre's attack.
You hit the ogre.
The ogre is moderately wounded.
The ogre hits you with a +0 giant club!
You hit the ogre.
The ogre is moderately wounded.
You block the ogre's attack.
You hit the ogre.
The ogre is heavily wounded.
You hit the ogre.
The ogre is severely wounded.
The ogre hits you with a +0 giant club!!
A demonic guardian appears!
You are too injured to fight recklessly!
You are too injured to fight recklessly!
Your iron imp barely misses the ogre.
You hit the ogre.
The ogre is almost dead.
The ogre closely misses you.
You barely miss the ogre.
The ogre is almost dead.
The ogre hits you with a +0 giant club!!
Ouch! That really hurt!
You die...

## #.### ###.....
..# ######....
..###..# ##.....?.#
..##.. #........#
..##.. #........##
#.##>## ##....(.5O##
#.##..#
##...###.@###.##..#
#...# ##.........#
..$... ##........#
..###..####.......##
## #.......###..#
####...## #.## ##..#
#.# #######...# #.#
..........# #.#


You could see an ogre (ally target) and a friendly iron imp (summoned).

Vanquished Creatures
  Sigmund (D:3)
  A water moccasin skeleton (D:3)
  Jessica (D:2)
  Natasha (thrice) (D:2)
  Robin (D:2)
  2 adders
  3 dart slugs
  4 orcs (D:3)
  4 ball pythons (D:1)
  5 endoplasms
  4 giant cockroaches
  7 goblins
  12 hobgoblins
  6 jackals
  2 kobolds
  3 quokkas (D:3)
  6 bats (D:1)
  3 frilled lizards
  4 rats
72 creatures vanquished.

Vanquished Creatures (collateral kills)
  Crazy Yiuf (D:3)
  A giant cockroach (D:1)
  A goblin (D:2)
3 creatures vanquished.

Grand Total: 75 creatures vanquished

Notes
Turn   | Place    | Note
-------+----------+-------------------------------------------
     0 | Abyss:1  | Sharkman1231 the Demonspawn Abyssal Knight began the quest
                  | for the Orb.
     0 | Abyss:1  | Reached XP level 1. HP: 18/18 MP: 2/2
    49 | Abyss:2  | Noticed a sky beast
    52 | Abyss:2  | Noticed a lich
    55 | D:1      | Escaped the Abyss
   105 | D:1      | Reached skill level 1 in Dodging
   229 | D:1      | Gained mutation: A weak demonic guardian rushes to your
                  | aid. [demonic ancestry]
   229 | D:1      | Reached XP level 2. HP: 18/24 MP: 4/4
   229 | D:1      | Reached * piety under Lugonu
   601 | D:1      | Reached XP level 3. HP: 26/29 MP: 5/5
  1488 | D:2      | Noticed Robin
  1823 | D:2      | Killed Robin
  1824 | D:2      | Reached XP level 4. HP: 20/35 MP: 6/6
  1989 | D:2      | Noticed Jessica
  1992 | D:2      | Reached ** piety under Lugonu
  1996 | D:2      | Killed Jessica
  2158 | D:2      | Found Viutopeu's Magic Scroll Shoppe.
  2180 | D:2      | Bought a scroll of enchant armour for 90 gold pieces
  2201 | D:2      | Found Wubb's Weapon Emporium.
  2295 | D:2      | Found a sacrificial altar of Ru.
  2403 | D:2      | Noticed Natasha
  2412 | D:2      | Killed Natasha
  2413 | D:2      | Reached skill level 1 in Shields
  2610 | D:2      | Found Viutopeu's Magic Scroll Shoppe.
  2668 | D:2      | Found Wubb's Weapon Emporium.
  2785 | D:2      | Found a sacrificial altar of Ru.
  2862 | D:2      | Noticed Natasha
  2875 | D:2      | Killed Natasha
  2876 | D:2      | Reached XP level 5. HP: 39/42 MP: 7/7
  2937 | D:2      | Noticed Natasha
  2948 | D:2      | Killed Natasha
  3279 | D:3      | Noticed Sigmund
  3642 | D:3      | Found a runed translucent door.
  3643 | D:3      | Noticed Crazy Yiuf
  4292 | D:3      | Killed Sigmund
  4293 | D:3      | Gained mutation: You have an unusually large brain. (Int
                  | +2) [demonic ancestry]
  4293 | D:3      | Reached XP level 6. HP: 33/48 MP: 9/9
  4509 | D:3      | HP: 2/48 [poisoned by Crazy Yiuf]
  4792 | D:3      | Killed Crazy Yiuf
  5267 | D:4      | Found a staircase to the Ecumenical Temple.
  5345 | D:4      | Mangled by an ogre

Illustrated notes

Levels and vault maps discovered:
D:1:      giann_horns, layout_loops_ring, serial_park_tiny_2
D:2:      layout_rooms, basic_altar, serial_shops, shop_coins, shop,
          uniq_jessica, uniq_robin, uniq_natasha
D:3:      layout_loops_corners, bh_walls_and_bars, uniq_crazy_yiuf_cottage,
          uniq_sigmund
D:4:      kennysheep_spiral_hall, layout_layer_cave, temple_fountains

Skill      XL: |  1  2  3  4  5 |
---------------+----------------+-----
Dodging        | 1 2 |  2.8
Long Blades    | 2 3 |  3.4
Invocations    | 3 4 |  4.8
Shields        | 1 2 |  2.2
Fighting       | 4 |  4.3
Armour         | |  1.7

Action                   |  1- 3 |  4- 6 || total
-------------------------+-------+-------++-------
Melee: Falchion          |   139 |   167 ||   306
Invok: Depart the Abyss  |     1 |       ||     1
  Use: Scroll            |       |     1 ||     1
       Potion            |       |     5 ||     5
Armor: Leather armour    |    24 |       ||    24
       Scale mail        |    52 |    52 ||   104
Dodge: Dodged            |   104 |   115 ||   219
Block: Buckler           |     8 |    29 ||    37
       Rpst.: Falchion   |    34 |    30 ||    64
